3AA
BATTLE GROUND AEROS @ RICHLAND RAILS
06/24/2024
 
TOP OF THE 1ST
Battle Ground Aeros batting - Pitching for Richland Rails : LHP Scott Mildren
Pitching: LHP Scott Mildren
Batting: RHB Enrico Betancourt 0-0: Foul Ball, location: 2F
0-1: SINGLE (Groundball, 6MD)
Batting: RHB Beau Murphy 0-0: Ball
1-0: Foul Ball, location: 2F
1-1: Called Strike
1-2: Ball
2-2: Foul Ball, location: 2F
2-2: Foul Ball, location: 2F
2-2: Fly out, F2 (Popup, 23)
Batting: LHB Ignacio Martínez 0-0: Ball
1-0: Called Strike
1-1: Grounds into double play, 3-6-3 (Groundball, 3)
Top of the 1st over - 0 run(s), 1 hit(s), 0 error(s), 0 left on base; Battle Ground 0 - Richland 0
BOTTOM OF THE 1ST
Richland Rails batting - Pitching for Battle Ground Aeros : LHP Myles Wilkerson
Pitching: LHP Myles Wilkerson
Batting: LHB Roberto Soto 0-0: Ball
1-0: Called Strike
1-1: Bunt for hit - play at first, batter OUT! 1-3
Batting: LHB Chris Stoltzfus 0-0: Ball
1-0: Foul Ball, location: 2F
1-1: Foul Ball, location: 2F
1-2: Strikes out looking
Batting: RHB Jung-hwan Kwon 0-0: SINGLE (Groundball, 34D)
Batting: SHB Jasper Otto 0-0: Called Strike
0-1: Called Strike
0-2: SINGLE (Groundball, 4MD)
Jung-hwan Kwon to second
Jung-hwan Kwon to third
Batting: RHB Vicente Cruz 0-0: Ball
1-0: Called Strike
1-1: Ball
2-1: Foul Ball, location: 2F
2-2: Foul Ball, location: 2F
2-2: Strikes out swinging
Bottom of the 1st over - 0 run(s), 2 hit(s), 0 error(s), 2 left on base; Battle Ground 0 - Richland 0
TOP OF THE 2ND
Battle Ground Aeros batting - Pitching for Richland Rails : LHP Scott Mildren
Batting: RHB Roy McFerran 0-0: SINGLE (Groundball, 6MD)
Batting: RHB Ernesto López 0-0: Called Strike
0-1: Foul Ball, location: 2F
0-2: Ball
1-2: Foul Ball, location: 2F
1-2: Ball
2-2: Ball
3-2: Foul Ball, location: 2F
3-2: Foul Ball, location: 2F
3-2: Strikes out looking
Batting: RHB Gustavo Meza 0-0: Ball
1-0: Called Strike
1-1: Ball
2-1: Ball
Roy McFerran steals 2nd base
3-1: Swinging Strike
3-2: SINGLE (Groundball, 6MD) (infield hit)
Roy McFerran to third
Batting: RHB Carlos Soto 0-0: Ball
1-0: Foul Ball, location: 2F
1-1: Fly out, F4 (Line Drive, 4M)
Batting: RHB Chase Mooney 0-0: Foul Ball, location: 2F
0-1: SINGLE (Line Drive, 7LS)
Roy McFerran scores
Gustavo Meza to second
Batting: LHB Nelson Martínez 0-0: Called Strike
0-1: Swinging Strike
0-2: Strikes out swinging
Top of the 2nd over - 1 run(s), 3 hit(s), 0 error(s), 2 left on base; Battle Ground 1 - Richland 0
BOTTOM OF THE 2ND
Richland Rails batting - Pitching for Battle Ground Aeros : LHP Myles Wilkerson
Batting: RHB Justin MacPherson 0-0: Called Strike
0-1: Foul Ball, location: 2F
0-2: Ball
1-2: SINGLE (Line Drive, 7S)
Batting: RHB Ralph Gilbert 0-0: Called Strike
0-1: Called Strike
0-2: Ball
1-2: Ball
2-2: Foul Ball, location: 2F
2-2: Grounds into double play, 1-4-3 (Groundball, 13)
Batting: LHB Roberto Madrid 0-0: Ball
1-0: Called Strike
1-1: Ball
2-1: Foul Ball, location: 2F
2-2: Ball
3-2: Strikes out looking
Bottom of the 2nd over - 0 run(s), 1 hit(s), 0 error(s), 0 left on base; Battle Ground 1 - Richland 0
TOP OF THE 3RD
Battle Ground Aeros batting - Pitching for Richland Rails : LHP Scott Mildren
Batting: RHB Enrico Betancourt 0-0: Swinging Strike
0-1: Ball
1-1: Ball
2-1: Called Strike
2-2: Strikes out looking
Batting: RHB Beau Murphy 0-0: Foul Ball, location: 2F
0-1: Ball
1-1: Swinging Strike
1-2: Strikes out swinging
Batting: LHB Ignacio Martínez 0-0: Ball
1-0: Ball
2-0: Called Strike
2-1: Ball
3-1: Foul Ball, location: 2F
3-2: Base on Balls
Batting: RHB Roy McFerran 0-0: Ball
1-0: Called Strike
1-1: Ball
2-1: Ball
3-1: Base on Balls
Ignacio Martínez to second
Batting: RHB Ernesto López 0-0: Ball
1-0: Foul Ball, location: 2F
1-1: Ground out 4-3 (Groundball, 4)
Top of the 3rd over - 0 run(s), 0 hit(s), 0 error(s), 2 left on base; Battle Ground 1 - Richland 0
BOTTOM OF THE 3RD
Richland Rails batting - Pitching for Battle Ground Aeros : LHP Myles Wilkerson
Batting: LHB Jorge Greenbaum 0-0: Hit by Pitch
Batting: LHB Roberto Soto 0-0: Foul Ball, location: 2F
0-1: Fielders Choice at 2nd, 6-4 (Groundball, 6M)
Batting: LHB Chris Stoltzfus 0-0: Ball
Roberto Soto is caught stealing 2nd base
1-0: Ball
2-0: Ball
3-0: Called Strike
3-1: Base on Balls
Batting: RHB Jung-hwan Kwon 0-0: Foul Ball, location: 2F
0-1: SINGLE (Line Drive, 4MD)
Chris Stoltzfus to second
Batting: SHB Jasper Otto 0-0: Ball
1-0: Called Strike
1-1: Called Strike
1-2: Foul Ball, location: 2F
1-2: Foul Ball, location: 2F
1-2: Foul Ball, location: 2F
1-2: Strikes out swinging
Bottom of the 3rd over - 0 run(s), 1 hit(s), 0 error(s), 2 left on base; Battle Ground 1 - Richland 0
TOP OF THE 4TH
Battle Ground Aeros batting - Pitching for Richland Rails : LHP Scott Mildren
Batting: RHB Gustavo Meza 0-0: Ball
1-0: Foul Ball, location: 2F
1-1: Fly out, F8 (Flyball, 8LM)
Batting: RHB Carlos Soto 0-0: Foul Ball, location: 2F
0-1: Ground out 1-3 (Groundball, 13)
Batting: RHB Chase Mooney 0-0: Ground out 5-3 (Groundball, 5L)
Top of the 4th over - 0 run(s), 0 hit(s), 0 error(s), 0 left on base; Battle Ground 1 - Richland 0
BOTTOM OF THE 4TH
Richland Rails batting - Pitching for Battle Ground Aeros : LHP Myles Wilkerson
Batting: RHB Vicente Cruz 0-0: Foul Ball, location: 2F
0-1: Foul Ball, location: 2F
0-2: Ball
1-2: Foul Ball, location: 2F
1-2: Strikes out swinging
Batting: RHB Justin MacPherson 0-0: Ball
1-0: SINGLE (Flyball, 8RS)
Batting: RHB Ralph Gilbert 0-0: Called Strike
0-1: Called Strike
0-2: Ball
1-2: SINGLE (Groundball, 34)
Justin MacPherson to second
Runner from 2nd tries for 3rd, SAFE, throw made to third
Batting: LHB Roberto Madrid 0-0: Ball
1-0: Swinging Strike
1-1: Ball
2-1: Foul Ball, location: 2F
2-2: Ball
3-2: Base on Balls
Ralph Gilbert to second
Batting: LHB Jorge Greenbaum 0-0: Ball
1-0: Called Strike
1-1: Ball
2-1: Swinging Strike
2-2: Ball
3-2: Foul Ball, location: 2F
3-2: Grounds into double play, 4-6-3 (Groundball, 4)
Bottom of the 4th over - 0 run(s), 2 hit(s), 0 error(s), 2 left on base; Battle Ground 1 - Richland 0
TOP OF THE 5TH
Battle Ground Aeros batting - Pitching for Richland Rails : LHP Scott Mildren
Batting: LHB Nelson Martínez 0-0: Ground out 1-3 (Groundball, 13)
Batting: RHB Enrico Betancourt 0-0: Ball
1-0: Swinging Strike
1-1: Fly out, F8 (Flyball, 8RM)
Batting: RHB Beau Murphy 0-0: Ground out 5-3 (Groundball, 56)
Top of the 5th over - 0 run(s), 0 hit(s), 0 error(s), 0 left on base; Battle Ground 1 - Richland 0
BOTTOM OF THE 5TH
Richland Rails batting - Pitching for Battle Ground Aeros : LHP Myles Wilkerson
Batting: LHB Roberto Soto 0-0: SINGLE (Groundball, 56D)
Batting: LHB Chris Stoltzfus 0-0: Ball
1-0: Bunt missed!
1-1: Ball
2-1: Called Strike
Roberto Soto steals 2nd base
2-2: Ball
3-2: Strikes out swinging
Batting: RHB Jung-hwan Kwon 0-0: Ball
Passed Ball!
Roberto Soto to third
1-0: Ball
2-0: Fly out, F8 (Flyball, 8RM)
Runner from 3rd tags up, SCORES, no throw
Batting: SHB Jasper Otto 0-0: SINGLE (Groundball, 56D)
Batting: RHB Vicente Cruz 0-0: Swinging Strike
0-1: SINGLE (Groundball, 56D) (infield hit)
Jasper Otto to second
Batting: RHB Justin MacPherson 0-0: Ball
1-0: Fly out, F6 (Popup, 5)
Bottom of the 5th over - 1 run(s), 3 hit(s), 0 error(s), 2 left on base; Battle Ground 1 - Richland 1
TOP OF THE 6TH
Battle Ground Aeros batting - Pitching for Richland Rails : LHP Scott Mildren
Batting: LHB Ignacio Martínez 0-0: Foul Ball, location: 2F
0-1: Foul Ball, location: 2F
0-2: Fly out, F8 (Flyball, 89D)
Batting: RHB Roy McFerran 0-0: Ball
1-0: Fly out, F6 (Popup, 7S)
Batting: RHB Ernesto López 0-0: SINGLE (Groundball, 56D)
Batting: RHB Gustavo Meza 0-0: Called Strike
0-1: Called Strike
0-2: Ball
1-2: Ball
2-2: SINGLE (Groundball, 5D)
Ernesto López to second
Batting: RHB Carlos Soto 0-0: Ground out 4-3 (Groundball, 4)
Top of the 6th over - 0 run(s), 2 hit(s), 0 error(s), 2 left on base; Battle Ground 1 - Richland 1
BOTTOM OF THE 6TH
Richland Rails batting - Pitching for Battle Ground Aeros : LHP Myles Wilkerson
Batting: RHB Ralph Gilbert 0-0: Called Strike
0-1: Ball
1-1: Swinging Strike
1-2: Foul Ball, location: 2F
1-2: Strikes out looking
Batting: LHB Roberto Madrid 0-0: Foul Ball, location: 2F
0-1: Foul Ball, location: 2F
0-2: Foul Ball, location: 2F
0-2: Ball
1-2: Foul Ball, location: 2F
1-2: SINGLE (Flyball, 9LS)
Batting: LHB Jorge Greenbaum 0-0: Called Strike
0-1: Ball
1-1: Called Strike
1-2: Foul Ball, location: 2F
1-2: DOUBLE (Line Drive, 9D)
Roberto Madrid to third
Batting: LHB Roberto Soto 0-0: Called Strike
0-1: Called Strike
0-2: SINGLE (Groundball, 4MD)
Roberto Madrid scores
Jorge Greenbaum to third
Runner from 3rd tries for Home, SAFE, throw made home
Roberto Soto to second
Pitching: LHP Dave Welch
Batting: LHB Chris Stoltzfus 0-0: Ball
1-0: Called Strike
1-1: Called Strike
1-2: Foul Ball, location: 2F
1-2: Foul Ball, location: 2F
1-2: Ball
2-2: Foul Ball, location: 2F
2-2: Fly out, F8 (Line Drive, 8RM)
Batting: RHB Jung-hwan Kwon 0-0: Ball
1-0: Foul Ball, location: 2F
1-1: Fly out, F6 (Popup, 6M)
Bottom of the 6th over - 2 run(s), 3 hit(s), 0 error(s), 1 left on base; Battle Ground 1 - Richland 3
TOP OF THE 7TH
Battle Ground Aeros batting - Pitching for Richland Rails : LHP Scott Mildren
Batting: RHB Chase Mooney 0-0: Foul Ball, location: 2F
0-1: Called Strike
0-2: Ball
1-2: Foul Ball, location: 2F
1-2: Foul Ball, location: 2F
1-2: Ball
2-2: SINGLE (Groundball, 6MD)
Batting: LHB Nelson Martínez 0-0: Ball
1-0: Foul Ball, location: 2F
1-1: Grounds into double play, 4-6-3 (Groundball, 4)
Batting: RHB Enrico Betancourt 0-0: Ball
1-0: Foul Ball, location: 2F
1-1: Ground out 4-3 (Groundball, 4M)
Top of the 7th over - 0 run(s), 1 hit(s), 0 error(s), 0 left on base; Battle Ground 1 - Richland 3
BOTTOM OF THE 7TH
Richland Rails batting - Pitching for Battle Ground Aeros : LHP Dave Welch
Batting: SHB Jasper Otto 0-0: Ball
1-0: Called Strike
1-1: Ball
2-1: Foul Ball, location: 2F
2-2: Strikes out swinging
Batting: RHB Vicente Cruz 0-0: Swinging Strike
0-1: Called Strike
0-2: Ball
1-2: Fly out, F9 (Flyball, 9LS)
Batting: RHB Justin MacPherson 0-0: Ball
1-0: Ball
2-0: Foul Ball, location: 2F
2-1: Ground out 5-3 (Groundball, 5)
Bottom of the 7th over - 0 run(s), 0 hit(s), 0 error(s), 0 left on base; Battle Ground 1 - Richland 3
TOP OF THE 8TH
Battle Ground Aeros batting - Pitching for Richland Rails : LHP Scott Mildren
Pitching: LHP Jim Unknown
Now at SS: Kenny Rush
Batting: RHB Beau Murphy 0-0: Ball
1-0: Foul Ball, location: 2F
1-1: Ground out 2-3 (Groundball, 2L)
Batting: LHB Ignacio Martínez 0-0: Ball
1-0: Fly out, F7 (Flyball, 7LS)
Batting: RHB Roy McFerran 0-0: Called Strike
0-1: Ball
1-1: Swinging Strike
1-2: Ground out 1-3 (Groundball, 13S)
Top of the 8th over - 0 run(s), 0 hit(s), 0 error(s), 0 left on base; Battle Ground 1 - Richland 3
BOTTOM OF THE 8TH
Richland Rails batting - Pitching for Battle Ground Aeros : LHP Dave Welch
Batting: RHB Ralph Gilbert 0-0: Swinging Strike
0-1: Foul Ball, location: 2F
0-2: SINGLE (Line Drive, 34D)
Batting: LHB Roberto Madrid 0-0: Bunted foul
0-1: Sac Bunt - play at first, batter OUT! 1-4
Ralph Gilbert to second
Batting: LHB Jorge Greenbaum 0-0: Ball
1-0: Ground out U3 (Groundball, 3)
Ralph Gilbert to third
Batting: LHB Roberto Soto 0-0: Ball
1-0: Called Strike
1-1: Swinging Strike
1-2: Foul Ball, location: 2F
1-2: Strikes out swinging
Bottom of the 8th over - 0 run(s), 1 hit(s), 0 error(s), 1 left on base; Battle Ground 1 - Richland 3
TOP OF THE 9TH
Battle Ground Aeros batting - Pitching for Richland Rails : LHP Jim Unknown
Now in LF: Júlio Hernández
Batting: RHB Ernesto López 0-0: Called Strike
0-1: Ball
1-1: Ground out 4-3 (Groundball, 34)
Batting: RHB Gustavo Meza 0-0: Foul Ball, location: 2F
0-1: Ball
1-1: Called Strike
1-2: Foul Ball, location: 2F
1-2: Ball
2-2: Strikes out swinging
Batting: RHB Carlos Soto 0-0: Foul Ball, location: 2F
0-1: Foul Ball, location: 2F
0-2: Ball
1-2: Strikes out swinging
Top of the 9th over - 0 run(s), 0 hit(s), 0 error(s), 0 left on base; Battle Ground 1 - Richland 3
This league is powered by Out of the Park Baseball, the baseball management simulation game for PC, Mac and Linux
Monday, October 3rd, 2016 - OOTP Baseball 16.9 Build 39